 Dungeon Crawl Stone Soup version 0.28.0-43-g3370ac3207 (webtiles) character file.

Game seed: 12979871571891075724

472631 safid the Unflinching (level 24, -1/233 HPs)
             Began as a Hill Orc Fighter on Mar 25, 2022.
             Was a Believer of the Shining One.
             Killed from afar by an orb of fire (11 damage)
             ... with a bolt of fire
             ... on level 2 of the Realm of Zot on Mar 26, 2022.
             The game lasted 03:04:53 (65387 turns).

safid the Unflinching (Hill Orc Fighter)           Turns: 65387, Time: 03:04:53

Health: -1/233     AC: 49    Str: 43    XL:     24   Next: 38%
Magic:  0/40       EV: 13    Int: 12    God:    the Shining One [**....]
Gold:   5402       SH: 18    Dex: 22    Spells: 23/23 levels left

rFire   + + .      SeeInvis +   u - +8 broad axe of the Unspeakable One {vorpal, Will- Int+2 Dex+4}
rCold   + + +      Faith    .   M - +3 kite shield "Solegin" {Str+3 Dex+2 SInv}
rNeg    + + +      Spirit   +   g - +9 scales of the Dragon King {rPois rF+ rC+ Will+}
rPois   +          Reflect  .   W - +2 helmet {SInv}
rElec   +          Harm     .   N - +2 cloak
rCorr   +          Rampage  .   K - +1 pair of gloves of the Playwright {rC+ Str+4 Dex+4}
Will    ++...                   f - +3 pair of boots "Qucs" {rElec rC- rN++ Stlth+}
Stlth   ..........              w - amulet "Ogukh" {Spirit Str+4 Int+2 Stlth+}
HPRegen 0.48/turn               T - ring of Usesushe {Fly rC+ Will+ Str+4}
MPRegen 0.27/turn               p - ring of Sekh {Contam rN+ rCorr Dex+2 Stlth+}

@: resistant, flying, glowing, studying 2 skills
A: mutation resistance 1, weak 1
}: 3/15 runes: decaying, slimy, gossamer
a: Renounce Religion, Divine Shield


You were on level 2 of the Realm of Zot.
You worshipped the Shining One.
The Shining One was pleased with you.
You visited 11 branches of the dungeon, and saw 50 of its levels.
You also visited: Sewer, Bailey, Ice Cave and Desolation.

You collected 8489 gold pieces.
You spent 3087 gold pieces at shops.

Inventory:

Hand Weapons
 u - the +8 broad axe of the Unspeakable One (weapon) {vorpal, Will- Int+2 Dex+4}
   (You bought it in a shop on level 3 of the Depths)

   It inflicts extra damage upon your enemies.
   Int:       It affects your intelligence (+2).
   Dex:       It affects your dexterity (+4).
   Will:      It decreases your willpower.
 H - a +9 broad axe of flaming
Missiles
 b - 7 throwing nets
 n - 14 curare-tipped darts (quivered)
 D - 6 javelins
Armour
 f - the +3 pair of boots "Qucs" (worn) {rElec rC- rN++ Stlth+}
   (You bought it in a shop on level 2 of the Orcish Mines)

   rC:        It makes you vulnerable to cold.
   rElec:     It insulates you from electricity.
   rN:        It greatly protects you from negative energy.
   Stlth:     It makes you more stealthy.
 g - the +9 scales of the Dragon King (worn) {rPois rF+ rC+ Will+}
   (You found it on level 1 of the Elven Halls)

   rF:        It protects you from fire.
   rC:        It protects you from cold.
   rPois:     It protects you from poison.
   Will:      It increases your willpower.
 K - the +1 pair of gloves of the Playwright (worn) {rC+ Str+4 Dex+4}
   (You found it on level 10 of the Dungeon)

   Str:       It affects your strength (+4).
   Dex:       It affects your dexterity (+4).
   rC:        It protects you from cold.
 M - the +3 kite shield "Solegin" (worn) {Str+3 Dex+2 SInv}
   (You acquired it on level 8 of the Dungeon)

   Str:       It affects your strength (+3).
   Dex:       It affects your dexterity (+2).
   SInv:      It lets you see invisible.
 N - a +2 cloak (worn)
 W - a +2 helmet of see invisible (worn)
Jewellery
 p - the ring of Sekh (right hand) {Contam rN+ rCorr Dex+2 Stlth+}
   (You found it on level 6 of the Lair of Beasts)

   [ring of positive energy]

   Dex:       It affects your dexterity (+2).
   rN:        It protects you from negative energy.
   Contam:    It causes magical contamination when unequipped.
   rCorr:     It protects you from acid and corrosion.
   Stlth:     It makes you more stealthy.
 w - the amulet "Ogukh" (around neck) {Spirit Str+4 Int+2 Stlth+}
   (You took it off an imperial myrmidon in the Desolation of Salt)

   [amulet of guardian spirit]

   It causes incoming damage to be divided between your reserves of health and
   magic.
   Str:       It affects your strength (+4).
   Int:       It affects your intelligence (+2).
   Stlth:     It makes you more stealthy.
 L - the ring "Dyer" {rC++ AC+4 Str+5 Stlth-}
   (You acquired it on level 8 of the Dungeon)

   [ring of protection]

   AC:        It affects your AC (+4).
   Str:       It affects your strength (+5).
   rC:        It greatly protects you from cold.
   Stlth:     It makes you less stealthy.
 S - the ring of Fun {rElec AC+4 Int+2 Dex+4}
   (You acquired it on level 15 of the Dungeon)

   [ring of protection]

   AC:        It affects your AC (+4).
   Int:       It affects your intelligence (+2).
   Dex:       It affects your dexterity (+4).
   rElec:     It insulates you from electricity.
 T - the ring of Usesushe (left hand) {Fly rC+ Will+ Str+4}
   (You bought it in a shop on level 1 of the Depths)

   [ring of flight]

   Str:       It affects your strength (+4).
   rC:        It protects you from cold.
   Fly:       It grants you flight.
   Will:      It increases your willpower.
Wands
 a - a wand of iceblast (20)
 k - a wand of flame (22)
 q - a wand of mindburst (11)
 r - a wand of paralysis (8)
 B - a wand of digging (20)
 Q - a wand of acid (27)
Scrolls
 i - 14 scrolls of teleportation
 o - 2 scrolls of magic mapping
 t - a scroll of silence
 v - a scroll of brand weapon
 y - 3 scrolls of enchant armour
 E - 3 scrolls of fear
 I - 11 scrolls of fog
 R - 5 scrolls of holy word
 V - a scroll of enchant weapon
Potions
 j - 9 potions of curing
 l - a potion of invisibility
 m - 4 potions of lignification
 x - a potion of might
 z - 9 potions of mutation
 A - a potion of cancellation
 C - 3 potions of berserk rage
 F - a potion of haste
 J - 7 potions of magic
 P - 6 potions of ambrosia
Miscellaneous
 c - a condenser vane
 d - a box of beasts
 h - a phial of floods
 s - a tin of tremorstones (2/2)
 G - a phantom mirror


   Skills:
 + Level 22.7 Fighting
 - Level 18.0 Axes
 + Level 22.5 Armour
 - Level 8.0 Dodging
 - Level 16.0 Shields
 O Level 27 Invocations
 - Level 14.0 Evocations


You had 23 spell levels left.
You didn't know any spells.
Your spell library contained the following spells:

 Spells                   Type           Power      Damage    Failure   Level
 Animate Skeleton         Necr           0%         N/A       94%         1
 Foxfire                  Conj/Fire      0%         2x1d4     94%         1
 Freeze                   Ice            0%         1d3       94%         1
 Magic Dart               Conj           0%         1d3       94%         1
 Pain                     Necr           0%         1d4       94%         1
 Slow                     Hex            0%         N/A       94%         1
 Sting                    Tmut/Pois      0%         1d3       94%         1
 Blink                    Tloc           0%         N/A       98%         2
 Call Imp                 Summ           0%         N/A       98%         2
 Corpse Rot               Necr/Air       0%         N/A       98%         2
 Ensorcelled Hibernation  Hex/Ice        0%         N/A       98%         2
 Passwall                 Tmut/Erth      0%         N/A       98%         2
 Poisonous Vapours        Pois/Air       0%         N/A       98%         2
 Scorch                   Fire           0%         2d5       98%         2
 Searing Ray              Conj           0%         2d4       98%         2
 Confusing Touch          Hex            0%         N/A       100%        3
 Conjure Flame            Conj/Fire      0%         6-21      100%        3
 Frozen Ramparts          Ice            0%         1d2       100%        3
 Ignite Poison            Fire/Tmut/Pois 0%         N/A       100%        3
 Inner Flame              Hex/Fire       0%         N/A       100%        3
 Mephitic Cloud           Conj/Pois/Air  0%         N/A       100%        3
 Portal Projectile        Hex/Tloc       0%         N/A       100%        3
 Spider Form              Tmut/Pois      0%         N/A       100%        3
 Summon Guardian Golem    Hex/Summ       0%         N/A       100%        3
 Swiftness                Air            0%         N/A       100%        3
 Tukima's Dance           Hex            0%         N/A       100%        3
 Vampiric Draining        Necr           0%         2d6       100%        3
 Anguish                  Hex/Necr       0%         N/A       100%        4
 Cause Fear               Hex            0%         N/A       100%        4
 Dispel Undead            Necr           0%         3d6       100%        4
 Flame Wave               Conj/Fire      0%         2d4       100%        4
 Fulminant Prism          Conj/Hex       0%         3d6       100%        4
 Hailstorm                Conj/Ice       0%         3d3       100%        4
 Iskenderun's Mystic Bla  Conj/Tloc      0%         2d3       100%        4
 Leda's Liquefaction      Hex/Erth       0%         N/A       100%        4
 Olgreb's Toxic Radiance  Pois           0%         N/A       100%        4
 Passage of Golubria      Tloc           0%         N/A       100%        4
 Sticky Flame             Conj/Fire      0%         2d3       100%        4
 Summon Ice Beast         Ice/Summ       0%         N/A       100%        4
 Summon Lightning Spire   Summ/Air       0%         N/A       100%        4
 Agony                    Necr           0%         N/A       100%        5
 Alistair's Intoxication  Tmut/Pois      0%         N/A       100%        5
 Excruciating Wounds      Necr           0%         N/A       100%        5
 Iskenderun's Battlesphe  Conj           0%         2d6       100%        5
 Lee's Rapid Deconstruct  Erth           0%         3d5*      100%        5
 Manifold Assault         Tloc           0%         N/A       100%        5
 Silence                  Hex/Air        0%         N/A       100%        5
 Summon Mana Viper        Hex/Summ       0%         N/A       100%        5
 Death Channel            Necr           0%         N/A       100%        6
 Eringya's Noxious Bog    Tmut/Pois      0%         N/A       100%        6
 Iron Shot                Conj/Erth      0%         9d1       100%        6
 Simulacrum               Ice/Necr       0%         N/A       100%        6
 Statue Form              Tmut/Erth      0%         N/A       100%        6
 Summon Cactus Giant      Summ           0%         N/A       100%        6
 Dragon Form              Tmut           0%         N/A       100%        7
 Enfeeble                 Hex            0%         N/A       100%        7
 Monstrous Menagerie      Summ           0%         N/A       100%        7
 Ozocubu's Refrigeration  Ice            0%         4d5       100%        7
 Spellforged Servitor     Conj/Summ      0%         N/A       100%        7
 Storm Form               Tmut/Air       0%         N/A       100%        7
 Lehudib's Crystal Spear  Conj/Erth      0%         10d2      100%        8
 Maxwell's Capacitive Co  Air            0%         ∞         100%        8
 Dragon's Call            Summ           0%         N/A       100%        9


Dungeon Overview and Level Annotations

Branches:
Dungeon (15/15)            Temple (1/1) D:6            Lair (6/6) D:11
  Swamp (4/4) Lair:4       Spider (4/4) Lair:3        Slime (5/5) Lair:5
    Orc (2/2) D:9             Elf (3/3) Orc:2        Vaults (4/5) D:14
  Crypt (0/3) Vaults:3     Depths (4/4) D:15            Zot (2/5) Depths:4
  Sewer (visited)          Bailey (visited)           IceCv (visited)
Desolation (visited)

Altars:
Ashenzari
Cheibriados
Dithmenos
Elyvilon
Fedhas
Gozag
Hepliaklqana
Kikubaaqudgha
Makhleb
Nemelex Xobeh
Okawaru
Qazlal
Ru
Sif Muna
Trog
Uskayaw
Vehumet
Wu Jian
Xom
Yredelemnul
Zin
The Shining One
Beogh
Jiyva

Shops:
D:1 (   D:14 [   Orc:1 =   Orc:2 ?=[[   Elf:3 *   Vaults:2 ([   Depths:1 ==:
Depths:3 (   Depths:4 ?

Portals:
Hell: Depths:1 Depths:2 Depths:3 Depths:4
Abyss: Depths:3
Pandemonium: Depths:1 Depths:2 Depths:4
Ziggurat: Depths:3

Annotations:
D:3 3 runed translucent doors, GilGalad's ghost, novice OgFE
D:4 2 transporters, cbfl8's ghost, amateur MiDe
D:9 2 transporters, boopmooplesden's ghost, novice MiBe
Lair:6 2 transporters, Comi's ghost, journeyman TeBe


Innate Abilities, Weirdness & Mutations

You are somewhat resistant to further mutation.
You are weak. (Str -2)


Message History

As you read the scroll of blinking, it crumbles to dust.
The orb of fire glows yellow.
Strange energies course through your body.
You feel odd for a moment.
The orb of fire glows deep purple.
The fireball explodes!
The fireball engulfs you! You resist.
* * * LOW HITPOINT WARNING * * *
The orb of fire glows bright magenta.
The bolt of fire hits the orb of fire but does no damage.
The bolt of fire hits you! You resist.
* * * LOW HITPOINT WARNING * * *
The orb of fire glows yellow.
The bolt of fire hits you. You resist.
* * * LOW HITPOINT WARNING * * *
The orb of fire glows bright magenta.
The bolt of fire hits the orb of fire.
The orb of fire completely resists.
The bolt of fire hits the orb of fire.
The orb of fire completely resists.
The bolt of fire hits you!! You resist.
* * * LOW HITPOINT WARNING * * *
The orb of fire glows deep purple.
The bolt of fire hits the orb of fire but does no damage.
The bolt of fire hits you! You resist.
* * * LOW HITPOINT WARNING * * *
Unknown command.
You feel much better.
The orb of fire glows yellow.
The bolt of fire hits the orb of fire.
The orb of fire completely resists.
The bolt of fire hits the orb of fire.
The orb of fire completely resists.
The bolt of fire hits you!! You resist.
* * * LOW HITPOINT WARNING * * *
The orb of fire glows red.
The fireball explodes!
The fireball engulfs you! You resist.
* * * LOW HITPOINT WARNING * * *
The fireball engulfs the orb of fire.
The orb of fire completely resists.
Unknown command.
You miss the orb of fire.
The orb of fire glows red.
The bolt of fire hits the orb of fire.
The orb of fire completely resists.
The bolt of fire hits you! You resist.
You die...

###################
................@.#
#################*#
#.# #*# #.# #*# #.#
#.# #####.#


You could see 3 orbs of fire.

Vanquished Creatures
  the Royal Jelly (Slime:5)
  An orb of fire (Zot:2)
  Frederick (Vaults:3)
  the Lernaean hydra (Swamp:4)
  6 golden dragons
  Nikola (Spider:2)
  8 tentacled monstrosities
  Mlioglotl (Spider:3)
  Jorgrun (Spider:2)
  A titan (Vaults:4)
  A deep elf master archer (Elf:3)
  A deep elf blademaster (Depths:2)
  17 acid blobs
  A quicksilver dragon (Zot:1)
  A walking frostbound tome (Depths:4)
  Frances (Spider:2)
  4 shadow dragons
  A death cob (Zot:1)
  Agnes (D:14)
  4 storm dragons
  Donald (Elf:2)
  8 azure jellies
  Roxanne (D:15)
  2 draconian monks (Zot:2)
  13 rockslimes
  A fenstrider witch (Swamp:2)
  5 tengu reavers
  2 daevas (Depths:3)
  2 draconian knights (Zot:2)
  9 emperor scorpions
  2 fire giants (Depths:1)
  2 frost giants
  8 orc warlords
  A balrug (Depths:1)
  12 vault wardens
  4 ghost moths
  2 imperial myrmidons (Desolation)
  6 deep elf sorcerers (Elf:3)
  3 deep elf elementalists (Elf:3)
  2 draconian scorchers (Zot:2)
  5 ironbound preservers
  An angel (Depths:3)
  A reaper (Depths:4)
  An ophan (Depths:1)
  2 draconian annihilators
  7 stone giants
  15 quicksilver oozes
  A draconian stormcaller (Zot:2)
  2 broodmothers (Spider:4)
  2 ironbound thunderhulks
  6 green draconians
  14 very ugly things
  5 white draconians
  2 halazid warlocks (Desolation)
  3 purple draconians
  4 entropy weavers
  2 spark wasps (Spider:4)
  2 black draconians (Zot:2)
  5 yellow draconians
  A bunyip (Swamp:3)
  2 dire elephants (Lair:6)
  Snorg (D:12)
  The ghost of osoart the Martial Artist, a journeyman GnMo of Gozag (D:13)
  3 crystal guardians
  4 ettins
  A deep elf death mage (Vaults:2)
  Josephine (D:14)
  A shambling mangrove (Swamp:4)
  A fire dragon (Depths:2)
  4 deep elf high priests
  11 great orbs of eyes
  8 servants of whispers (Desolation)
  15 hydras
  7 vault guards
  3 boulder beetles
  5 yaktaur captains
  4 radroaches
  9 ragged hierophants (Desolation)
  7 peacekeepers
  A spriggan air mage (Depths:1)
  A rakshasa (Depths:2)
  A caustic shrike simulacrum (IceCv)
  14 centaur warriors
  4 two-headed ogres
  26 dancing weapons
  A two-headed ogre (shapeshifter) (Vaults:4)
  5 deep troll earth magi
  7 alligators
  2 deep troll shamans
  A vampire mage (Depths:1)
  11 ironbound frosthearts
  2 spriggan berserkers (Depths:1)
  5 tengu warriors
  6 death yaks
  An orc high priest (Bailey)
  Urug (Orc:1)
  A sun demon (Depths:1)
  19 deep elf knights
  6 pharaoh ants
  5 iron trolls
  19 skeletal warriors
  A sun moth (Spider:1)
  A storm dragon skeleton (Vaults:3)
  3 spriggan druids
  A death drake (shapeshifter) (D:15)
  7 orb spiders
  2 goliath frogs
  4 cherubim (Depths:3)
  28 deep trolls
  An orange crystal statue (IceCv)
  A spectral anaconda (Lair:6)
  5 steelbarb worms
  8 swamp dragons
  An obsidian statue (Lair:6)
  A glowing orange brain (Vaults:4)
  A phantasmal warrior (Vaults:4)
  5 necromancers
  3 harpies (Vaults:1)
  4 lindwurms
  5 wizards
  3 bog bodies
  14 deep elf archers
  10 ironbound convokers
  Pikel (D:5)
  21 ugly things
  21 deep elf zephyrmancers
  6 shining eyes
  A tengu skeleton (Vaults:3)
  4 orc knights
  2 will-o-the-wisps
  19 deep elf pyromancers
  3 manticores
  3 orc sorcerers
  21 wolf spiders
  4 cyclopes
  3 elephants (Lair:6)
  11 moths of wrath
  5 human skeletons (Vaults:3)
  2 guardian serpents (Desolation)
  2 dire elephant zombies (Lair:6)
  12 vault sentinels
  Joseph (D:8)
  3 black mambas
  4 torpor snails
  2 molten gargoyles (Desolation)
  A stone giant skeleton (Vaults:3)
  2 eyes of devastation (Depths:1)
  2 unseen horrors
  A gargoyle (D:13)
  8 cane toads
  A rime drake (shapeshifter) (D:14)
  21 yaktaurs
  4 demonic crawlers
  3 rime drakes
  A kobold demonologist (Bailey)
  10 komodo dragons
  2 freezing wraiths (IceCv)
  4 tengu conjurers
  3 yaktaur skeletons
  2 elf skeletons (Vaults:3)
  A hellwing (Depths:4)
  9 trolls
  7 meliai
  A meliai (shapeshifter) (D:15)
  4 polar bears
  2 tyrant leeches (Swamp:1)
  4 hornets
  4 blink frogs (Lair:3)
  A tyrant leech (shapeshifter) (Vaults:2)
  6 dream sheep (Lair:6)
  46 saltlings (Desolation)
  A raiju (shapeshifter) (D:14)
  61 slime creatures
  15 tarantellas
  A jumping spider (shapeshifter) (Elf:3)
  A stone giant simulacrum (Vaults:1)
  14 jumping spiders
  15 culicivoras
  5 spriggans
  6 wraiths
  A ynoxinul (Depths:4)
  2 shadows
  A centaur simulacrum (D:10)
  An air elemental (Elf:3)
  5 wyverns
  6 fire elementals
  7 water elementals
  A dire elephant simulacrum (IceCv)
  23 yaks
  4 basilisks
  A neqoxec (Depths:4)
  A steam dragon (D:6)
  7 vampire mosquitoes
  A yaktaur simulacrum (Vaults:1)
  36 redbacks
  7 golden eyes
  Menkaure (D:4)
  3 harpy simulacra (IceCv)
  8 swamp worms
  5 wargs
  8 water moccasins
  A floating eye (Depths:1)
  2 hell hounds (D:14)
  A hydra simulacrum (IceCv)
  7 swamp drakes
  45 orc warriors
  A sky beast (D:7)
  2 black bears (D:11)
  An elephant zombie (Lair:6)
  3 necrophages (D:7)
  An alligator simulacrum (IceCv)
  A hornet zombie (D:7)
  An ettin simulacrum (IceCv)
  An elephant skeleton (Lair:6)
  9 wolves
  A phantom (D:6)
  7 ogres
  15 centaurs
  A kobold brigand (D:9)
  10 bullfrogs
  A gnoll sergeant (D:9)
  2 cane toad simulacra (Lair:6)
  A glowing shapeshifter simulacrum (Vaults:1)
  2 wyvern zombies (D:7)
  7 scorpions
  A wyvern skeleton (D:7)
  2 water moccasin skeletons (D:4)
  6 killer bees
  8 wights
  9 electric eels
  6 howler monkeys
  10 orc priests
  4 hounds
  A human zombie (D:7)
  5 centaur zombies
  2 jellies
  2 centaur skeletons
  11 iguanas
  14 orc wizards
  A killer bee zombie (D:8)
  3 howler monkey zombies
  A howler monkey skeleton (D:5)
  12 gnolls
  9 adders
  A shadow imp (D:6)
  A white imp (D:6)
  An ufetubus (D:4)
  2 worms
  2 dart slugs
  48 orcs
  4 bats
  8 endoplasms
  3 giant cockroaches
  14 goblins
  18 hobgoblins
  A jackal (Sewer)
  12 kobolds
  3 quokkas
  3 ball pythons
  16 frilled lizards
  2 rats
  3 toadstools (D:1)
  A withered plant (Lair:6)
1479 creatures vanquished.

Vanquished Creatures (collateral kills)
  Mennas (Depths:3)
  Saint Roka (Vaults:3)
  The ghost of sanboga the Impregnable, a veteran GrFi of Trog (Depths:3)
  2 tentacled monstrosities
  An orc high priest (Depths:3)
  3 acid blobs (Slime:5)
  An orc warlord (Slime:5)
  A sphinx (Depths:3)
  A shadow dragon (Depths:4)
  A storm dragon (Depths:4)
  A tengu reaver (Vaults:4)
  A fenstrider witch (Swamp:4)
  A daeva (Depths:3)
  An azure jelly (Slime:5)
  2 vault wardens
  An iron dragon (Depths:3)
  An imperial myrmidon (Desolation)
  4 frost giants
  A deep elf sorcerer (Elf:3)
  2 angels (Depths:3)
  2 emperor scorpions (Spider:4)
  A ghost moth (Spider:4)
  A deep elf elementalist (Elf:3)
  A draconian scorcher (Depths:4)
  A quicksilver ooze (shapeshifter) (Depths:1)
  4 ironbound preservers
  4 very ugly things
  3 stone giants
  A war gargoyle (Vaults:2)
  A deep elf demonologist (Elf:3)
  Nessos (D:12)
  2 eleionomae
  Azrael (D:14)
  An entropy weaver (Spider:4)
  4 ironbound thunderhulks
  2 white draconians (Depths:4)
  2 bunyips
  A red draconian (Depths:4)
  2 yellow draconians (Depths:4)
  A purple draconian (Depths:4)
  An ettin (Depths:1)
  4 fire dragons
  5 yaktaur captains
  4 great orbs of eyes
  4 rakshasas
  7 ice dragons
  2 ghost crabs
  2 vault guards
  7 hydras
  2 peacekeepers (Elf:2)
  2 spriggan air magi (Depths:1)
  5 boulder beetles
  4 ironbound frosthearts
  A radroach (Spider:1)
  2 two-headed ogres
  5 alligators
  2 dancing weapons (Elf:1)
  2 deep troll shamans
  3 deep troll earth magi
  11 death yaks
  2 sun demons (Depths:1)
  A spriggan berserker (Depths:4)
  6 spriggans
  4 deep elf knights
  2 skeletal warriors (D:15)
  3 iron trolls
  3 goliath frogs (Swamp:2)
  A pharaoh ant (Spider:2)
  A glowing orange brain (Slime:5)
  14 deep trolls
  3 spriggan druids
  2 cherubim (Depths:3)
  6 deep elf archers
  2 orb spiders (Spider:3)
  3 swamp dragons
  A steelbarb worm (Spider:1)
  2 bog bodies
  6 deep elf zephyrmancers
  5 ironbound convokers
  8 orc knights
  A deep elf pyromancer (Elf:2)
  A wizard (Vaults:2)
  2 harpies (Vaults:1)
  A necromancer (Vaults:1)
  13 ugly things
  5 wolf spiders
  2 will-o-the-wisps
  A fire giant zombie (Vaults:1)
  2 elephants (Lair:6)
  A centaur zombie (D:10)
  A salamander (Depths:1)
  8 vault sentinels
  4 eyes of devastation
  7 cane toads
  A torpor snail (Spider:4)
  2 demonic crawlers
  7 yaktaurs
  7 komodo dragons
  An ice devil (Depths:4)
  2 rime drakes
  5 meliai
  8 hornets
  2 trolls (D:12)
  4 blink frogs (Lair:3)
  5 tarantellas
  A human skeleton (Vaults:3)
  2 tyrant leeches
  3 polar bears
  26 slime creatures
  8 dream sheep (Lair:6)
  15 jumping spiders
  6 culicivoras
  2 water elementals
  A spriggan (shapeshifter) (Elf:2)
  17 yaks
  A wraith (D:14)
  3 wyverns
  4 basilisks
  2 fire elementals
  10 redbacks
  4 vampire mosquitoes
  2 golden eyes (Depths:1)
  5 wargs (Orc:2)
  6 swamp worms
  9 water moccasins
  A floating eye (Depths:1)
  3 swamp drakes
  8 orc warriors
  5 centaurs (D:11)
  2 ogres
  8 wolves
  A kobold brigand (D:8)
  4 bullfrogs
  2 killer bees (D:8)
  2 wights
  An electric eel (Spider:2)
  6 orc priests
  5 iguanas (Lair:3)
  3 orc wizards
  A gnoll (Bailey)
  12 orcs
  An endoplasm (Lair:5)
  4 frilled lizards (Lair:3)
  A bush (Lair:6)
  2 withered plants (Lair:6)
506 creatures vanquished.

Vanquished Creatures (others)
  3 orc warlords
  A fire giant (Depths:1)
  An orc high priest (Vaults:2)
  5 orc sorcerers
  A deep elf zephyrmancer (Elf:1)
  17 orc knights
  A deep elf pyromancer (Elf:1)
  6 orc wizards
  A culicivora (Spider:4)
  A fire elemental (D:14)
  23 orc warriors
  13 orc priests
  An iguana (Lair:3)
  50 orcs
  A ball python (D:4)
  18 foxfires
  75 fungi
  94 plants
  A toadstool (D:1)
  20 withered plants (Lair:6)
333 creatures vanquished.

Grand Total: 2318 creatures vanquished

Notes
Turn   | Place    | Note
-------+----------+-------------------------------------------
     0 | D:1      | safid the Hill Orc Fighter began the quest for the Orb.
     0 | D:1      | Reached XP level 1. HP: 19/19 MP: 1/1
    62 | D:1      | Found Deadali's Weapon Shop.
   154 | D:1      | Reached XP level 2. HP: 27/27 MP: 2/2
   755 | D:1      | Reached XP level 3. HP: 26/33 MP: 3/3
  1078 | D:2      | Found a faded altar of an unknown god.
  1094 | D:2      | Reached XP level 4. HP: 7/40 MP: 4/4
  1761 | D:3      | Noticed GilGalad's ghost (novice OgFE)
  1785 | D:3      | Found a runed translucent gate.
  1785 | D:3      | Found a runed translucent gate.
  1785 | D:3      | Found a runed translucent gate.
  2330 | D:3      | Found a white marble altar of Elyvilon.
  2635 | D:3      | Reached skill level 5 in Axes
  2746 | D:4      | Noticed an ogre
  2749 | D:4      | Reached XP level 5. HP: 46/46 MP: 5/5
  2754 | D:4      | Became a worshipper of Beogh the Brigand
  2756 | D:4      | Killed an ogre
  3021 | D:4      | Reached XP level 6. HP: 19/52 MP: 6/6
  3340 | D:4      | Noticed Menkaure
  3348 | D:4      | Killed Menkaure
  3358 | D:4      | Reached XP level 7. HP: 47/59 MP: 7/7
  3931 | D:4      | Found a transporter.
  3939 | D:4      | Found a transporter.
  3955 | D:4      | Noticed cbfl8's ghost (amateur MiDe)
  4114 | D:5      | Entered Level 5 of the Dungeon
  4134 | D:5      | Reached skill level 10 in Axes
  4647 | D:5      | Noticed Pikel
  4670 | D:5      | Killed Pikel
  4670 | D:5      | Reached * piety under Beogh
  4671 | D:5      | Reached XP level 8. HP: 23/66 MP: 3/8
  5532 | D:6      | Found a staircase to the Ecumenical Temple.
  5662 | D:6      | Found a glowing drain.
  5677 | Sewer    | Entered a sewer
  5769 | Sewer    | Reached XP level 9. HP: 71/71 MP: 9/9
  6512 | D:6      | Found a burning altar of Makhleb.
  6750 | D:6      | Reached skill level 15 in Axes
  7464 | D:7      | Reached ** piety under Beogh
  7583 | D:7      | Reached skill level 5 in Fighting
  7583 | D:7      | Reached skill level 5 in Armour
  7612 | D:7      | Found an ancient bone altar of Kikubaaqudgha.
  7783 | D:7      | Reached XP level 10. HP: 59/83 MP: 5/10
  7794 | D:7      | HP: 3/83 [yak (11)]
  9395 | D:8      | Found a flagged portal.
  9529 | Bailey   | Entered a bailey
  9947 | Bailey   | Reached *** piety under Beogh
 10059 | Bailey   | Noticed an orc high priest
 10073 | Bailey   | Killed an orc high priest
 10674 | Bailey   | Found an iron altar of Okawaru.
 10676 | Bailey   | Noticed a kobold demonologist
 10683 | Bailey   | Killed a kobold demonologist
 10692 | Bailey   | Found the +4 Cigotuvi's embrace {rMiasma Drain rN+}
 11105 | D:8      | Acquired the ring "Dyer" {rC++ AC+4 Str+5 Stlth-}
 11109 | D:8      | Acquired the +3 kite shield "Solegin" {Str+3 Dex+2 SInv}
 11124 | D:8      | Acquired 871 gold pieces
 11214 | D:8      | Noticed a centaur warrior
 11223 | D:8      | Killed a centaur warrior
 11224 | D:8      | Reached XP level 11. HP: 90/95 MP: 9/11
 11323 | D:8      | Noticed Joseph
 11326 | D:8      | Reached skill level 5 in Shields
 11334 | D:8      | Killed Joseph
 11415 | D:8      | Noticed a two-headed ogre
 11420 | D:8      | Killed a two-headed ogre
 11490 | D:8      | Reached **** piety under Beogh
 11813 | D:8      | Found a shadowy altar of Dithmenos.
 11952 | D:9      | Found a transporter.
 11952 | D:9      | Noticed a yaktaur captain
 11952 | D:9      | Noticed a cyclops
 11952 | D:9      | Noticed boopmooplesden's ghost (novice MiBe)
 11959 | D:9      | Found a transporter.
 12296 | D:9      | Noticed a two-headed ogre
 12300 | D:9      | Killed a two-headed ogre
 12365 | D:9      | Found a staircase to the Orcish Mines.
 12369 | D:9      | Found an iron altar of Okawaru.
 12370 | D:9      | Found a blossoming altar of Fedhas.
 12377 | D:9      | Found a hazy altar of Hepliaklqana.
 12377 | D:9      | Found a shimmering blue altar of Sif Muna.
 12768 | D:10     | Entered Level 10 of the Dungeon
 12777 | D:10     | Noticed a two-headed ogre
 12784 | D:10     | Killed a two-headed ogre
 12976 | D:10     | Identified the +1 pair of gloves of the Playwright {rC+
                  | Str+4 Dex+4}
 12990 | D:10     | Reached skill level 10 in Fighting
 12990 | D:10     | Reached XP level 12. HP: 107/107 MP: 12/12
 13041 | D:10     | Reached skill level 10 in Shields
 13309 | D:10     | Gained Worak as an ally
 13337 | D:10     | Noticed a two-headed ogre
 13342 | D:10     | Killed a two-headed ogre
 13523 | D:11     | Noticed a two-headed ogre
 13535 | D:11     | Killed a two-headed ogre
 13546 | D:11     | Gained Bogric as an ally
 13549 | D:11     | Found a staircase to the Lair.
 13553 | D:11     | Reached XP level 13. HP: 102/114 MP: 13/13
 14308 | Orc:1    | Entered Level 1 of the Orcish Mines
 14308 | Orc:1    | Found Zuivilucs's Jewellery Emporium.
 14763 | Orc:1    | Noticed Urug
 14775 | Orc:1    | Killed Urug
 14835 | Orc:2    | Entered Level 2 of the Orcish Mines
 14893 | Orc:2    | Reached ***** piety under Beogh
 14900 | Orc:2    | Reached skill level 10 in Armour
 14989 | Orc:2    | Your ally Bogric died
 15119 | Orc:2    | Found a staircase to the Elven Halls.
 15237 | Orc:2    | Found a burning altar of Makhleb.
 15334 | Orc:2    | Gained Learuk as an ally
 15343 | Orc:2    | Gained Orkwin as an ally
 15352 | Orc:2    | Your ally Orkwin died
 15359 | Orc:2    | Found a roughly hewn altar of Beogh.
 15682 | Orc:2    | Found Luckyuso's Armour Shoppe.
 15682 | Orc:2    | Found Omeyraycs's Armour Shop.
 15694 | Orc:2    | Gained Gorg as an ally
 15701 | Orc:2    | Bought the +3 pair of boots "Qucs" {rElec rC- rN++ Stlth+}
                  | for 517 gold pieces
 15996 | Orc:2    | Found Rathrupoch's Magic Scroll Shop.
 16010 | Orc:2    | Bought a scroll of enchant weapon for 90 gold pieces
 16010 | Orc:2    | Bought a scroll of teleportation for 36 gold pieces
 16010 | Orc:2    | Bought a scroll of fear for 42 gold pieces
 16010 | Orc:2    | Bought a scroll of magic mapping for 42 gold pieces
 16011 | Orc:2    | Bought a scroll of identify for 24 gold pieces
 16011 | Orc:2    | Bought a scroll of identify for 24 gold pieces
 16180 | Orc:2    | Found Niamen's Jewellery Shoppe.
 16457 | Lair:1   | Entered Level 1 of the Lair of Beasts
 16777 | Lair:1   | Reached skill level 1 in Invocations
 17051 | Lair:1   | Reached skill level 1 in Evocations
 17287 | Lair:2   | Reached skill level 2 in Invocations
 18011 | Lair:3   | Reached skill level 3 in Invocations
 18057 | Lair:3   | Identified the +2 trident of Parts Unknown {venom, +Blink
                  | Str+4 Dex-5 Stlth+}
 18085 | Lair:3   | Gained Ogrik as an ally
 18124 | Lair:3   | Your ally Ogrik died
 18129 | Lair:3   | Gained Marbaugh as an ally
 18151 | Lair:3   | Found a hole to the Spider Nest.
 18220 | Lair:3   | Reached skill level 4 in Invocations
 18329 | Lair:3   | Gained Hilgar as an ally
 18623 | Lair:3   | Reached XP level 14. HP: 126/126 MP: 17/17
 18632 | Lair:3   | Reached ****** piety under Beogh
 18642 | Lair:3   | Reached skill level 5 in Invocations
 18818 | Lair:3   | Reached skill level 6 in Invocations
 19384 | Lair:4   | Reached skill level 5 in Evocations
 19544 | Lair:4   | Reached skill level 7 in Invocations
 19913 | Lair:4   | Reached skill level 8 in Invocations
 20127 | Lair:4   | Found a staircase to the Swamp.
 20628 | Lair:5   | Reached skill level 1 in Dodging
 20815 | Lair:5   | Found a staircase to the Slime Pits.
 21094 | Lair:6   | Entered Level 6 of the Lair of Beasts
 21115 | Lair:6   | Reached skill level 9 in Invocations
 21336 | Lair:6   | Found a transporter.
 21338 | Lair:6   | Noticed Comi's ghost (journeyman TeBe)
 21486 | Lair:6   | Reached skill level 10 in Invocations
 21558 | Lair:6   | Got the Disquisition on the Venomous Oath
 21607 | Lair:6   | Found a transporter.
 21628 | Lair:6   | Reached XP level 15. HP: 120/132 MP: 20/22
 22133 | Lair:6   | Reached skill level 11 in Invocations
 22234 | Lair:6   | Gained Morbeogh as an ally
 22319 | Lair:6   | Reached skill level 12 in Invocations
 22420 | Lair:6   | Identified the ring of Sekh {Contam rN+ rCorr Dex+2 Stlth+}
 22781 | Swamp:1  | Entered Level 1 of the Swamp
 23058 | Swamp:1  | Acquired 1048 gold pieces
 23744 | Swamp:2  | Reached skill level 13 in Invocations
 23916 | Swamp:2  | Your ally Worak died
 24407 | Swamp:2  | Noticed a fenstrider witch
 24415 | Swamp:2  | Killed a fenstrider witch
 25362 | Swamp:3  | Reached XP level 16. HP: 100/144 MP: 18/26
 25959 | Swamp:4  | Entered Level 4 of the Swamp
 26178 | Swamp:4  | Reached skill level 14 in Invocations
 26182 | Swamp:4  | Noticed a tentacled monstrosity
 26186 | Swamp:4  | Your ally Gorg died
 26187 | Swamp:4  | Reached skill level 10 in Evocations
 26189 | Swamp:4  | Killed a tentacled monstrosity
 26191 | Swamp:4  | Noticed the 27-headed Lernaean hydra
 26192 | Swamp:4  | Noticed a fenstrider witch
 26193 | Swamp:4  | Noticed a tentacled monstrosity
 26196 | Swamp:4  | Your ally Morbeogh died
 26201 | Swamp:4  | Your ally Marbaugh died
 26202 | Swamp:4  | Killed a fenstrider witch
 26204 | Swamp:4  | Your ally Hilgar died
 26531 | Swamp:4  | Your ally Learuk died
 26541 | Swamp:4  | Killed a tentacled monstrosity
 26568 | Swamp:4  | Your ally Worak died
 26952 | Swamp:4  | Killed the 26-headed Lernaean hydra
 27206 | Swamp:4  | Gained Gorg as an ally
 27222 | Swamp:4  | Your ally Gorg died
 27228 | Swamp:4  | Gained Norbak as an ally
 27910 | Swamp:4  | Got a decaying rune of Zot
 28307 | Spider:1 | Entered Level 1 of the Spider Nest
 28779 | Spider:1 | Found the +5 scythe "Finisher" {speed, eviscerate}
 28789 | Spider:1 | Reached skill level 15 in Invocations
 29119 | Spider:2 | Noticed Jorgrun
 29126 | Spider:2 | Killed Jorgrun
 29536 | Spider:2 | Noticed Nikola
 29549 | Spider:2 | Killed Nikola
 29550 | Spider:2 | Reached XP level 17. HP: 154/154 MP: 28/28
 29559 | Spider:2 | Noticed Frances
 29578 | Spider:2 | Killed Frances
 29902 | Spider:2 | Reached skill level 15 in Fighting
 30432 | Spider:3 | Noticed Mlioglotl
 30437 | Spider:3 | Noticed a bone dragon
 30449 | Spider:3 | Killed Mlioglotl
 31147 | Spider:3 | Reached skill level 16 in Invocations
 31309 | Spider:3 | Reached skill level 15 in Armour
 31553 | Spider:4 | Entered Level 4 of the Spider Nest
 31578 | Spider:4 | Your ally Norbak died
 32593 | Spider:4 | Gained Arkwar as an ally
 33254 | Spider:4 | Reached skill level 17 in Invocations
 33448 | Spider:4 | Your ally Arkwar died
 33479 | Spider:4 | Reached XP level 18. HP: 122/168 MP: 30/30
 33940 | Spider:4 | Got a gossamer rune of Zot
 34448 | Elf:1    | Entered Level 1 of the Elven Halls
 34837 | Elf:1    | You fall into a shaft and drop 1 floor!
 34877 | Elf:2    | Found a crumbling gateway.
 34890 | Desolati | Entered the Desolation of Salt
 34911 | Desolati | Reached skill level 18 in Invocations
 35080 | Desolati | Identified the ring of Ucios {rC+ Str+6}
 35107 | Desolati | Identified the ring of Jesas {Will+ Str+3}
 35445 | Desolati | Got the Guide on the Glacier
 36012 | Desolati | Identified the +5 quarterstaff "Elo Huvo" {distort, rPois}
 36040 | Desolati | Identified the +0 chain mail of the Barber Surgeon {Int+3
                  | Dex+4}
 36042 | Desolati | Identified the +1 morningstar of Gilatid {venom, Drain
                  | *Slow Fly Str+10}
 36107 | Desolati | Identified the +10 flail of Internal Strife {speed, Dex+7}
 36225 | Desolati | Gained Arkwar as an ally
 36260 | Desolati | Identified the +10 quarterstaff "Yxeiw" {flame, rF+}
 36260 | Desolati | Identified the amulet "Ogukh" {Spirit Str+4 Int+2 Stlth+}
 36283 | Desolati | Your ally Arkwar died
 36291 | Desolati | Gained Orik as an ally
 36474 | Desolati | Identified the +3 rapier of Causality {antimagic, Fragile
                  | rElec rC+ Will+ Str+2}
 36748 | Elf:2    | Reached skill level 19 in Invocations
 36864 | Elf:2    | Your ally Orik died
 36879 | Elf:2    | Reached XP level 19. HP: 116/179 MP: 21/32
 36893 | Elf:2    | Your ally Arkwar died
 37257 | Elf:2    | Found a runed translucent gate.
 37258 | Elf:2    | Found a runed translucent gate.
 37258 | Elf:2    | Found a runed translucent gate.
 38032 | Elf:2    | Noticed Donald
 38041 | Elf:2    | Reached skill level 20 in Invocations
 38043 | Elf:2    | Killed Donald
 39382 | Elf:2    | Reached skill level 21 in Invocations
 39457 | Elf:3    | Entered Level 3 of the Elven Halls
 39466 | Elf:3    | Gained Borgoth as an ally
 39772 | Elf:3    | Found Bego's Assorted Antiques.
 39779 | Elf:3    | Paralysed by an air elemental for 1 turns
 39782 | Elf:3    | Paralysed by an air elemental for 1 turns
 40082 | Elf:3    | Identified the +6 glaive of Qazlal's Respect {vorpal,
                  | Int+2}
 40103 | Elf:3    | Reached skill level 22 in Invocations
 40113 | Elf:3    | Your ally Borgoth died
 40889 | Elf:1    | Found the +9 scales of the Dragon King {rPois rF+ rC+
                  | Will+}
 40993 | Elf:1    | Identified the +3 long sword "Ziybuymi" {vorpal, *Corrode
                  | rElec rN+++}
 41925 | D:12     | Noticed Snorg
 41926 | D:12     | Noticed Nessos
 41935 | D:12     | Killed Snorg
 41943 | D:12     | Killed Nessos
 42271 | D:13     | Reached skill level 23 in Invocations
 42332 | D:13     | Found a runed translucent gate.
 42333 | D:13     | Found a runed translucent gate.
 42333 | D:13     | Found a runed translucent gate.
 42333 | D:13     | Noticed osoart's ghost (journeyman GnMo)
 42335 | D:13     | Identified the +7 plate armour "Tuxin" {-Cast Harm rElec
                  | Stlth+}
 42355 | D:13     | Reached XP level 20. HP: 187/187 MP: 35/35
 42983 | D:13     | Found a roughly hewn altar of Beogh.
 42983 | D:13     | Found the +4 robe of Folly {Brilliance Will-∞ Int+8}
 42994 | D:13     | Killed osoart's ghost
 43096 | D:14     | Noticed Josephine
 43102 | D:14     | Killed Josephine
 43215 | D:14     | Gained Beowulf as an ally
 43217 | D:14     | Noticed Agnes
 43227 | D:14     | Killed Agnes
 43270 | D:14     | Noticed Azrael
 43276 | D:14     | Gained Bogric as an ally
 43285 | D:14     | Killed Azrael
 43801 | D:14     | Reached skill level 24 in Invocations
 43847 | D:14     | Found a gate to the Vaults.
 43879 | D:14     | Found Huge's Antique Armour Shoppe.
 43895 | D:14     | Bought a bloodstained plate armour for 756 gold pieces
 43895 | D:14     | Identified the +1 plate armour of Weatu {rElec rC+} (You
                  | bought it in a shop on level 14 of the Dungeon)
 43946 | D:15     | Entered Level 15 of the Dungeon
 44017 | D:15     | Found a frozen archway.
 44021 | IceCv    | Entered an ice cave
 44022 | IceCv    | Found a transporter.
 44044 | IceCv    | Found a transporter.
 44654 | D:15     | Acquired 1037 gold pieces
 44655 | D:15     | Acquired the ring of Fun {rElec AC+4 Int+2 Dex+4}
 44949 | D:15     | Noticed Roxanne
 44953 | D:15     | Killed Roxanne
 44954 | D:15     | Reached skill level 25 in Invocations
 45404 | D:15     | Found a staircase to the Depths.
 45770 | Vaults:1 | Entered Level 1 of the Vaults
 46160 | Vaults:1 | Reached skill level 26 in Invocations
 46856 | Vaults:2 | Reached XP level 21. HP: 173/194 MP: 38/38
 47198 | Vaults:2 | Found Hurphon's Weapon Emporium.
 47685 | Vaults:2 | Reached skill level 27 in Invocations
 47743 | Vaults:2 | Your ally Beowulf died
 47838 | Vaults:2 | Found Nigropod's Armour Boutique.
 48957 | Vaults:3 | Found a staircase to the Crypt.
 49158 | Vaults:3 | Noticed Saint Roka
 49169 | Vaults:3 | Killed Saint Roka
 49581 | Vaults:3 | Noticed Frederick
 49591 | Vaults:3 | Killed Frederick
 49626 | Vaults:3 | Reached skill level 5 in Dodging
 50351 | Vaults:4 | Reached XP level 22. HP: 151/209 MP: 31/39
 51317 | Vaults:4 | Identified the +1 scale mail of Defiance {Regen+ Int-4
                  | SInv}
 51975 | Depths:1 | Entered Level 1 of the Depths
 52913 | Depths:1 | Found a gateway to Hell.
 52918 | Depths:1 | Identified the +0 demon blade of the Depths {pain, rC+
                  | Int+2 Dex-5}
 53055 | Depths:1 | Found a one-way gate leading to the halls of Pandemonium.
 53164 | Depths:1 | Found Hiagoisk's Book Emporium.
 53164 | Depths:1 | Found Ikholuck's Jewellery Shop.
 53165 | Depths:1 | Found Ifystres's Jewellery Shop.
 53763 | Depths:1 | Paralysed by a floating eye for 2 turns
 53767 | Depths:1 | Paralysed by a floating eye for 3 turns
 53779 | Depths:1 | Identified the +11 hand axe "Suhaug" {vorpal, rPois rCorr
                  | Dex+7}
 53840 | Depths:1 | Bought the ring of Usesushe {Fly rC+ Will+ Str+4} for 637
                  | gold pieces
 54496 | Depths:2 | Identified the +11 longbow of the Moth {venom, Str+2}
 54741 | Depths:2 | Found an iron altar of Okawaru.
 54794 | Depths:2 | Your ally Bogric died
 54982 | Depths:2 | Found the +8 Vampire's Tooth {vamp}
 55192 | Depths:2 | Identified the +6 arbalest of the Slashing Big Fish
                  | {vorpal, rC+ Int+2 Dex-4 SInv}
 55466 | Depths:3 | Found Zarghiq's Antique Weapon Shop.
 55471 | Depths:3 | Bought a masterwork broad axe for 333 gold pieces
 55471 | Depths:3 | Identified the +8 broad axe of the Unspeakable One {vorpal,
                  | Will- Int+2 Dex+4} (You bought it in a shop on level 3 of
                  | the Depths)
 55494 | Depths:3 | Noticed a golden dragon
 55502 | Depths:3 | Gained Brandogh as an ally
 55506 | Depths:3 | Killed a golden dragon
 55590 | Depths:3 | Found a runed translucent door.
 55591 | Depths:3 | Noticed sanboga's ghost (veteran GrFi)
 55616 | Depths:3 | Killed sanboga's ghost
 55617 | Depths:3 | Reached XP level 23. HP: 204/217 MP: 40/40
 55813 | Depths:3 | Identified the +5 scale mail of the King of the Hill {+Inv
                  | Int+2 Slay+4}
 55894 | Depths:3 | Found a one-way gateway to a ziggurat.
 55895 | Depths:3 | Noticed a golden dragon
 55902 | Depths:3 | Killed a golden dragon
 55967 | Depths:3 | Found a radiant altar of Vehumet.
 56159 | Depths:3 | Noticed Mennas
 56159 | Depths:3 | Your ally Beowulf died
 56171 | Depths:3 | Killed Mennas
 56314 | Depths:3 | Found a glowing silver altar of Zin.
 56763 | Depths:3 | Reached skill level 15 in Shields
 56798 | Depths:3 | Found a one-way gate to the infinite horrors of the Abyss.
 56875 | Depths:4 | Entered Level 4 of the Depths
 57137 | Depths:4 | Found a gate to the Realm of Zot.
 57154 | Depths:4 | Noticed a golden dragon
 57157 | Depths:4 | Killed a golden dragon
 57171 | Depths:4 | Gained Bladwarg as an ally
 57442 | Depths:4 | Found Ozeulifo's Magic Scroll Boutique.
 57449 | Depths:4 | Bought a scroll of enchant weapon for 172 gold pieces
 57449 | Depths:4 | Bought 2 scrolls of enchant weapon for 345 gold pieces
 57449 | Depths:4 | Bought a scroll of teleportation for 69 gold pieces
 58120 | Slime:1  | Entered Level 1 of the Pits of Slime
 58344 | Slime:3  | Gained mutation: You are clumsy. (Dex -2) [a shining eye]
 58467 | Slime:4  | Found a viscous altar of Jiyva.
 58589 | Slime:5  | Entered Level 5 of the Pits of Slime
 58841 | Slime:5  | Noticed the Royal Jelly
 58845 | Slime:5  | Was placed under penance by Beogh
 59515 | Slime:1  | Gained mutation: You occasionally shout uncontrollably at
                  | your foes. [a shining eye]
 59519 | Slime:1  | Gained mutation: You are somewhat resistant to further
                  | mutation. [a shining eye]
 59851 | Temple   | Entered the Ecumenical Temple
 60354 | Temple   | Fell from the grace of Beogh
 60354 | Temple   | Became a worshipper of the Shining One
 60748 | Slime:5  | Killed the Royal Jelly
 61228 | Slime:5  | HP: 9/221 [acid blob/splash of acid[the Royal Jelly] (8)]
 61230 | Slime:5  | HP: 3/221 [acid blob/splash of acid[the Royal Jelly] (7)]
 62432 | Slime:5  | Found the amulet of the Air {Inacc Air Fly rElec RMsl}
 62433 | Slime:5  | Found the +4 skin of Zhor {*Englaciate rC+++ SInv}
 62450 | Slime:5  | Identified the +2 pair of gloves of Peek-a-Boo {Rampage}
 62523 | Slime:5  | Got a slimy rune of Zot
 62547 | Slime:5  | Identified the +10 shortbow "Wetobibu" {freeze, +Blink rF+
                  | SInv Stlth-}
 62551 | Slime:5  | Identified the +3 great sword "Fuymew" {vorpal, rCorr
                  | Stlth+}
 62955 | Zot:1    | Entered Level 1 of the Realm of Zot
 62958 | Depths:4 | Lost mutation: You are clumsy. (Dex -2) [potion of
                  | mutation]
 62958 | Depths:4 | Lost mutation: You occasionally shout uncontrollably at
                  | your foes. [potion of mutation]
 63488 | Zot:1    | Noticed a golden dragon
 63502 | Zot:1    | Killed a golden dragon
 63562 | Zot:1    | Noticed a golden dragon
 63579 | Zot:1    | Killed a golden dragon
 63656 | Zot:1    | Reached XP level 24. HP: 218/231 MP: 40/40
 64186 | Zot:2    | Reached * piety under the Shining One
 64909 | Zot:2    | Reached ** piety under the Shining One
 65360 | Zot:2    | Noticed an orb of fire
 65360 | Zot:2    | Noticed an orb of fire
 65360 | Zot:2    | Noticed an orb of fire
 65360 | Zot:2    | Noticed an orb of fire
 65370 | Zot:2    | Killed an orb of fire
 65372 | Zot:2    | Gained mutation: You are weak. (Str -2) [an orb of fire]
 65386 | Zot:2    | HP: 10/233 [orb of fire/fireball (11)]
 65387 | Zot:2    | Killed from afar by an orb of fire

Illustrated notes

Levels and vault maps discovered:
D:1:      ldierk_water_garden, layout_basic, serial_shops,
          nicolae_shop_statue_plus
D:2:      layout_rooms, basic_ecumenical_altar
D:3:      layout_basic, elyvilon_altar_5, gammafunk_ghost_icy, st_stairs_13
D:4:      layout_loops_ring, gammafunk_ghost_gnarly_gnolls, uniq_menkaure
D:5:      layout_loops_ring, uniq_pikel
D:6:      kb_forest_paths, layout_basic, lemuel_doored_altar,
          minmay_temple_entry_drinking_statues, cheibrodos_sewer_entry_bend
D:7:      layout_gridville, lemuel_mausoleum_altar_kikubaaqudgha
D:8:      minmay_four_partial_circles, layout_loops_ring, grunt_dithmenos_smoke,
          enter_bailey_3, uniq_joseph
D:9:      layout_basic, minitemple, orc_0_dummy, gammafunk_ghost_arena,
          st_stairs_3, minivault_1
D:10:     layout_cross
D:11:     layout_roguey, due_lair_maze_entry_diamond
D:12:     layout_stronghold, uniq_snorg, uniq_nessos
D:13:     layout_loops_ring, biasface_ghost_orc_armoury
D:14:     nooodl_glass_maze, layout_basic, david_vaults_4, dk_noncrumbling_4,
          serial_shops, shop, ebering_dispersal_statue_hall, drop_trap,
          uniq_agnes, uniq_azrael, uniq_josephine
D:15:     grunt_enter_depths_snipers, layout_loops_corners, minivault_19,
          portal_ice_cave_entry_pillars_three, hangedman_abyss_or_decor_stagger,
          uniq_roxanne
Temple:   dpeg_chambers_temple
Lair:1:   layout_hall_layers
Lair:2:   layout_hall_layers
Lair:3:   lemuel_reptile_caves, layout_cave_pods,
          hellmonk_spider_entry_life_and_decay, patterned_corridor,
          serial_bayou_shore_b
Lair:4:   layout_gridlike, nicolae_swamp_entry_splash_gauntlet,
          lemuel_fruit_tree, lemuel_fruit_fields
Lair:5:   layout_gridlike, nicolae_slime_entry_slimehenge
Lair:6:   due_jungle_book, layout_regular_city, gammafunk_ghost_arena,
          serial_bayou_ford_a, chequers_serial_rivers_marsh,
          serial_bayou_shore_b
Swamp:1:  layout_falls_marsh, evilmike_swamp_ruin_house_5,
          infiniplex_staircase_pool_2
Swamp:2:  nicolae_swamp_long_stream, layout_basic_swamp, serial_swamp_ruin,
          evilmike_swamp_ruin_wall, evilmike_swamp_ruin_rubble_1,
          evilmike_swamp_ruin_house_3
Swamp:3:  layout_basic_swamp, evilmike_swamp_ruin_house_2,
          infiniplex_staircase_pool
Swamp:4:  swamp_old_school, layout_basic_swamp
Spider:1: layout_spider_delve
Spider:2: layout_spider_delve, uniq_nikola, uniq_jorgrun, uniq_frances
Spider:3: layout_spider_delve, nicolae_spider_webbed_stairs, uniq_mlioglotl
Spider:4: grunt_spider_rune_circles, einodemon_crawler_minivault
Slime:1:  layout_caves, nicolae_slime_barrier
Slime:2:  layout_caves, cheibrodos_slime_lost_civilization_4
Slime:3:  layout_caves, cheibrodos_slime_lost_civilization_7
Slime:4:  layout_caves, basic_altar, cheibrodos_slime_lost_civilization_6
Slime:5
Orc:1:    layout_caves, serial_shops, shop, uniq_urug
Orc:2:    st_orc_town, layout_diamond_mine, david_defended_altar_orc
Elf:1:    minmay_elf_arrival_plus, layout_geoelf_grid,
          minmay_elf_crystal_hexagon
Elf:2:    nicolae_elf_blades_crystal_corner, layout_gridlike,
          portal_desolation_entry_twin_temple, uniq_donald
Elf:3:    minmay_elf_hall_hex, layout_geoelf_grid, serial_shops,
          nicolae_shop_waterfront
Vaults:1: nicolae_vaults_shelves_hall, vaults_dpeg_ring, v_misc_5,
          hangedman_vaults_pinch, nicolae_vaults_network_quinsquares
          [nicolae_vaults_network_quincunx_subvault,
          nicolae_vaults_network_quincunx_subvault,
          nicolae_vaults_network_quincunx_subvault,
          nicolae_vaults_network_quincunx_subvault], nicolae_vaults_big_ls,
          nicolae_vaults_ninety_degrees, layout_vaults_omnibox
Vaults:2: v_pattern_4, st_octagons_1, ontoclasm_vaults_hangar, v_rooms_5,
          v_alt_pattern_2, hangedman_vaults_stitches, vaults_dpeg_cross,
          nicolae_vaults_diagonal_hallway_6, hangedman_vaults_corner_blocks,
          hangedman_vaults_nodes, nicolae_vaults_theta, v_misc_17,
          nicolae_vaults_network_periphery, layout_vaults_omnicross,
          serial_shops, shop, shop
Vaults:3: ontoclasm_vaults_gallery, ontoclasm_vaults_spin, ontoclasm_vaults_eye,
          v_misc_9, nicolae_vaults_theta, v_misc_5,
          minmay_crypt_entry_skeletal_spiral, nicolae_vaults_theta,
          ontoclasm_vaults_loading_screen, vaults_room_grunt_arrival_checkpoint,
          ontoclasm_vaults_gateway, ontoclasm_vaults_claustrophobia,
          nicolae_vaults_little_squares_4, layout_vaults_ring, uniq_saint_roka,
          uniq_frederick
Vaults:4: grunt_vaults_swirl, v_misc_16, v_rooms_6, hangedman_vaults_capsules,
          vaults_standard_mumra_lines, nicolae_vaults_c_with_doors,
          nicolae_vaults_ring_of_whatevers, v_misc_11, vaults_room_fours,
          v_misc_13, grunt_vaults_focal, layout_vaults_big_room
Depths:1: layout_cave_pools, minmay_misc_feat_ornament, hellmouth_1, pan_entry,
          hangedman_eye_storm, minmay_shop_grove
Depths:2: evilmike_iron_armoury, layout_cave_pools, pan_entry,
          minmay_misc_feat_room, grunt_hell_entry_dis_mu,
          infiniplex_staircase_pillars_2
Depths:3: evilmike_silver_temple, layout_basic, enter_ziggurat_c,
          chequers_serial_rivers_micro_c, serial_shops,
          nicolae_shop_hallway_plus, hell_entry, abyss_entry_crystal,
          ebering_ghost_inner_flame, nicolae_vehumet_radiance
Depths:4: grunt_twist_and_shout, layout_basic, roderic_roman_lattice,
          rand_demon_pan_entry_1, serial_shops, shop, hell_entry
Zot:1:    layout_concentric_octagons
Zot:2:    layout_basic, lemuel_lake_of_fire

Skill      XL: |  1  2  3  4  5  6  7  8  9 10 11 12 13 14 15 16 17 18 19 20 21 22 23 24 |
---------------+-------------------------------------------------------------------------+-----
Axes           | 3 5 7 8 12 13 16 17 18 | 18.0
Fighting       | 4 5 8 10 12 13 14 16 18 19 20 22 | 22.7
Shields        | 4 9 11 14 16 | 16.0
Armour         | 4 5 7 9 10 12 13 14 15 17 18 19 20 21 22 | 22.5
Invocations    | 4 10 13 15 17 19 23 26 27 | 27.0
Evocations     | 3 7 9 11 12 14 | 14.0
Dodging        | 2 5 8 |  8.0

Action                   |  1- 3 |  4- 6 |  7- 9 | 10-12 | 13-15 | 16-18 | 19-21 | 22-24 || total
-------------------------+-------+-------+-------+-------+-------+-------+-------+-------++-------
Melee: War axe           |    68 |   122 |   339 |   114 |       |       |       |       ||   643
       Broad axe         |       |       |       |   225 |   685 |  1023 |  1194 |  1273 ||  4400
Throw: Dart              |       |     2 |       |     2 |       |       |       |     3 ||     7
Invok: Convert to Beogh  |       |     1 |       |       |       |       |       |       ||     1
       Recall Orcish Fol |       |       |       |     1 |     9 |    17 |     2 |     8 ||    37
       Stop Recall       |       |       |       |       |     6 |     2 |       |     1 ||     9
       Give Item to Name |       |       |       |       |     1 |     2 |     3 |     2 ||     8
       Smiting           |       |       |       |       |     2 |    15 |     4 |    11 ||    32
       Resurrection      |       |       |       |       |     1 |     1 |     1 |     2 ||     5
Evoke: Phial of floods   |       |       |       |       |     1 |     1 |     1 |       ||     3
       Wand              |       |       |       |       |       |       |     1 |       ||     1
  Use: Scroll            |       |       |    11 |    12 |    11 |    13 |     8 |    11 ||    66
       Potion            |       |       |       |     1 |       |     7 |     4 |    15 ||    27
 Stab: Distracted        |       |     1 |       |     2 |    10 |    14 |     9 |    13 ||    49
       Paralysed         |       |       |       |       |       |    14 |     3 |     6 ||    23
Armor: Scale mail        |    30 |    38 |   116 |    33 |       |       |       |       ||   217
       Plate armour      |       |       |       |    78 |   259 |   683 |   124 |       ||  1144
       Gold dragon scale |       |       |       |       |       |       |   455 |   737 ||  1192
Dodge: Dodged            |    30 |    60 |   100 |    82 |   115 |   312 |   235 |   397 ||  1331
Block: Buckler           |     8 |    38 |    53 |    30 |       |       |       |       ||   129
       Kite shield       |       |       |       |    88 |   417 |   872 |   806 |   946 ||  3129
